 Dungeon Crawl Stone Soup version 0.20.1-1-g8b1a95d (webtiles) character file.

64 RicketyTrickster the Cutter (level 4, 0/43 HPs)
             Began as a Kobold Berserker on July 4, 2017.
             Was a Believer of Trog.
             Succumbed to an adder's poison
             ... on level 2 of the Dungeon.
             The game lasted 00:05:50 (1743 turns).

RicketyTrickster the Cutter (Kobold Berserker)      Turns: 1743, Time: 00:05:50

Health: 0/43       AC:  3    Str: 20    XL:     4   Next: 32%
Magic:  4/4        EV: 15    Int:  8    God:    Trog [**....]
Gold:   108        SH:  4    Dex: 14    Spells: 3/3 levels left

rFire    . . .     SeeInvis .   a - +0 short sword
rCold    . . .     Gourm    .   k - +0 buckler
rNeg     . . .     Faith    .   g - +0 leather armour
rPois    .         Spirit   .   (no helmet)
rElec    .         Reflect  .   (no cloak)
rCorr    .         Harm     .   (no gloves)
MR       .....                  (no boots)
Stlth    ..........             (no amulet)
Regen    0.2/turn               (no ring)
MPRegen  0.1/turn               (no ring)

@: berserking, lethally poisoned (0 -> -9), very quick
A: carnivore 3
a: Berserk, Trog's Hand, Burn Spellbooks, Renounce Religion


You were on level 2 of the Dungeon.
You worshipped Trog.
Trog was pleased with you.
You were very full.

You visited 1 branch of the dungeon, and saw 2 of its levels.

You collected 108 gold pieces.

Inventory:

Hand Weapons
 a - a +0 short sword (weapon)
Armour
 g - a +0 leather armour (worn)
 k - a +0 buckler (worn)
Scrolls
 d - 2 scrolls of teleportation
 e - 2 scrolls of identify
 h - a scroll of remove curse
 l - a scroll of magic mapping {unknown}
Potions
 j - a potion of might {unknown}
 m - a potion of brilliance {unknown}
Comestibles
 b - 2 bread rations
 c - 2 meat rations
 f - 10 chunks of flesh
 i - 7 fruits


   Skills:
 * Level 3.8 Fighting
 * Level 4.9 Short Blades
 + Level 1.8 Armour
 * Level 3.4 Dodging
 + Level 0.8 Stealth


You had 3 spell levels left.
You didn't know any spells.

Dungeon Overview and Level Annotations

Branches:
Dungeon (2/15)

Altars:


Innate Abilities, Weirdness & Mutations

You are small and have problems with some larger weapons.
You are carnivorous and can eat meat at any time.


Message History

You feel yourself moving faster!
You feel mighty!
* * * LOW HITPOINT WARNING * * *
You feel sick. The adder misses you.
You barely miss the adder.
The adder is severely wounded.
The adder bites you.
* * * LOW HITPOINT WARNING * * *
You are more poisoned.
The adder poisons you!
You closely miss the adder.
The adder is severely wounded.
* * * LOW HITPOINT WARNING * * *
You feel sick.
You closely miss the adder.
The adder is severely wounded.
The adder misses you.
Some of the chunks of flesh in your inventory have rotted away.
You closely miss the adder.
The adder is severely wounded.
You die...

###'### #....#
#.......
######'### ####.#
#..##...
.........# #.#
##..##.#
.........# #.#
#.#..###
...%.....# #.#
##.#..#.
........(# #.#
#.#.#...
.........# #.#
########
.........# #S#
.........#
#####@#######
.........#
#............
.........#
#............
.........#
#............
.........#
#####'#######
#......### #.#
#......# #.#
#......# #.#
######.#########.#


You could see an adder.

Vanquished Creatures
  An adder (D:2)
  An ooze (D:2)
  A worm (D:2)
  2 dart slugs (D:1)
  3 leopard geckos
  A giant cockroach (D:1)
  5 goblins
  3 hobgoblins
  8 jackals
  A quokka (D:2)
  6 bats
  2 frilled lizards
  2 kobolds
  2 rats (D:1)
38 creatures vanquished.

Notes
Turn   | Place    | Note
-------+----------+-------------------------------------------
     0 | D:1      | RicketyTrickster the Kobold Berserker began the quest for the Orb.
     0 | D:1      | Reached XP level 1. HP: 14/14 MP: 1/1
   144 | D:1      | Reached XP level 2. HP: 11/19 MP: 2/2
   798 | D:1      | Reached XP level 3. HP: 23/23 MP: 3/3
  1470 | D:2      | Reached ** piety under Trog
  1623 | D:2      | Reached XP level 4. HP: 29/29 MP: 4/4
  1740 | D:2      | HP: 1/43 [adder (4)]
  1743 | D:2      | Succumbed to an adder's poison

Skill      XL: |  1  2  3 |
---------------+----------+-----
Dodging        | 3 |  3.4
Fighting       | |  3.8
Short Blades   | |  4.9
Armour         | |  1.8
Stealth        | |  0.8

Action                   |  1- 3 |  4- 6 || total
-------------------------+-------+-------++-------
Melee: Short sword       |   126 |    39 ||   165
Invok: Berserk           |     1 |     2 ||     3
  Use: Scroll            |     4 |       ||     4
       Potion            |     1 |       ||     1
 Stab: Sleeping          |     2 |       ||     2
  Eat: Chunk             |    11 |     2 ||    13
Armor: Animal skin       |     6 |       ||     6
       Leather armour    |    25 |    15 ||    40
Dodge: Dodged            |   134 |    34 ||   168
Block: Buckler           |    10 |    12 ||    22
